 Dungeon Sprint DCSS version 0.23.2-30-g0e89c35649 (webtiles) character file.

Game seed: 3679122306354586859

48 HASTUR3 the Grappler (level 6, -28/61 (62) HPs)
             Began as a Troll Fighter on June 23, 2019.
             Was an Elder of Wu Jian.
             Annihilated by an earth elemental (33 damage)
             ... in the Dungeon (Sprint VI: "Thunderdome").
             The game lasted 00:06:11 (386 turns).

HASTUR3 the Grappler (Troll Fighter)                 Turns: 386, Time: 00:06:12

HP:   -28/61 (62)   AC:  6    Str: 25    XL:     6   Next: 42%
MP:   5/5           EV: 10    Int:  2    God:    Wu Jian [****..]
Gold: 5             SH: 11    Dex: 11    Spells: 5/5 levels left

rFire    + . .     SeeInvis +     - Unarmed
rCold    + . .     Gourm    +   b - +0 shield
rNeg     . . .     Faith    .   i - +0 animal skin of Mucitaif {rF+ rC+ Int-2 SInv} (curse)
rPois    .         Spirit   .   (helmet restricted)
rElec    .         Reflect  .   (no cloak)
rCorr    .         Harm     .   (gloves unavailable)
MR       .....     NoTele   +   (boots unavailable)
Stlth    +.........             (no amulet)
HPRegen  0.60/turn              (no ring)
MPRegen  0.09/turn              (no ring)

@: no status effects
A: large, unfitting armour, claws 3, fast metabolism 3, gourmand, regeneration
1, shaggy fur 1, tough skin 3
a: Wall Jump, Serpent's Lash, Renounce Religion


You were in the Dungeon.
You worshipped Wu Jian.
Wu Jian was greatly pleased with you.
You were hungry.

You visited 1 branch You collected 280 gold pieces.
You spent 275 gold pieces at shops.

Inventory:

Armour
 b - a +0 shield (worn)
 i - the cursed +0 animal skin of Mucitaif (worn) {rF+ rC+ Int-2 SInv}
   (You bought it in a shop in the Dungeon)

   It affects your intelligence (-2).
   It protects you from fire.
   It protects you from cold.
   It lets you see invisible.
   It has a curse placed upon it.
Jewellery
 a - the amulet "Iriasotoi" {Acrobat Str+2 Int-2 Dex+3}
   (You bought it in a shop in the Dungeon)

   [amulet of the acrobat]

   It helps you evade while moving and waiting.
   It affects your strength (+2).
   It affects your intelligence (-2).
   It affects your dexterity (+3).
 o - the ring "Wigiykhi" {Str+5 Dex+6 Slay+3}
   (You bought it in a shop in the Dungeon)

   [ring of strength]

   It affects your strength (+5).
   It affects your dexterity (+6).
   It affects your accuracy and damage with ranged weapons and melee attacks
   (+3).
Wands
 k - a wand of acid (5)
 l - a wand of iceblast (5)
Scrolls
 j - 4 scrolls of blinking
 m - 3 scrolls of fog
Potions
 c - a potion of might
 e - a potion of curing
 f - 4 potions of heal wounds
 g - 4 potions of haste
 h - 2 potions of magic
 n - a potion of resistance
Comestibles
 d - 2 rations


   Skills:
 - Level 3.8 Fighting
 - Level 3.8 Dodging
 + Level 7.5 Shields
 + Level 9.9 Unarmed Combat


You had 5 spell levels left.
You didn't know any spells.
Your spell library was empty.

Dungeon Overview and Level Annotations

Branches:
Dungeon (1/1)

Altars:
Cheibriados
Dithmenos
Fedhas
Gozag
Kikubaaqudgha
Makhleb
Okawaru
Qazlal
Ru
Sif Muna
Trog
Uskayaw
Vehumet
Wu Jian
Xom
Yredelemnul
Zin
The Shining One
Beogh
Jiyva
Lugonu

Shops:
D *[%??*?*:[((!!!!


Innate Abilities, Weirdness & Mutations

You are too large for most types of armour.
You have claws for hands.
Your metabolism is lightning-fast.
You like to eat raw meat.
Your natural rate of healing is unusually fast.
You are covered in fur. (AC +1)
You have extremely tough skin. (AC +3)


Message History

50...
There is a basalt altar of Yredelemnul here.
There is a blossoming altar of Fedhas here.
There is an ancient bone altar of Kikubaaqudgha here.
There is an entrance to Heysoats's Magic Scroll Shop here.
There is an entrance to Roram's Magic Scroll Shop here.
You scratch the earth elemental.
The earth elemental is lightly damaged.
You claw the earth elemental!
The earth elemental is moderately damaged.
The earth elemental hits you!!!
Ouch! That really hurt!
* * * LOW HITPOINT WARNING * * *
You claw the earth elemental!
The earth elemental is severely damaged.
You scratch the earth elemental.
The earth elemental is severely damaged.
The earth elemental hits you!!
Ouch! That really hurt!
You die...

##### ##⌠⌠⌠## #.....#
##.....## ##∩.....∩##
#∩.@.....∩# #_..E...._#
#_......._# #_......._#
###.........###
#⌠...........⌠#
######.8.........8.######
##∩.__......###......___∩##
###∩........8.#
#.8........∩##


You could see an earth elemental.

Vanquished Creatures
  A necrophage (D)
  An earth elemental (D)
  A wight (D)
  2 iron imps (D)
  4 jellies (D)
  An ooze (D)
  2 bat zombies (D)
  A quokka skeleton (D)
13 creatures vanquished.

Notes
Turn   | Place    | Note
-------+----------+-------------------------------------------
     0 | D        | HASTUR3 the Troll Fighter began the quest for the Orb.
     0 | D        | Reached XP level 1. HP: 22/22 MP: 0/0
     1 | D        | Found an opulent altar of Gozag.
     1 | D        | Found a snail-covered altar of Cheibriados.
     2 | D        | Found a burning altar of Makhleb.
     2 | D        | Found a radiant altar of Vehumet.
     3 | D        | Found an ornate altar of the Wu Jian Council.
     3 | D        | Found an ancient bone altar of Kikubaaqudgha.
     4 | D        | Found a basalt altar of Yredelemnul.
     4 | D        | Found a blossoming altar of Fedhas.
     4 | D        | Found Raupinaf's Staff Store.
     4 | D        | Found Heysoats's Magic Scroll Shop.
     5 | D        | Found a hide-covered altar of Uskayaw.
     5 | D        | Found Hixack's Must-Have Magic.
     5 | D        | Found Roram's Magic Scroll Shop.
     5 | D        | Round 1.
    11 | D        | Became a worshipper of the Wu Jian Council
    24 | D        | Found a roughly hewn altar of Beogh.
    26 | D        | Found a glowing silver altar of Zin.
    26 | D        | Found Xuch's Delicious Food.
    26 | D        | Found Kunag's Jewellery.
    27 | D        | Found Xyvaepn's Advanced Armour.
    28 | D        | Found a deep blue altar of Sif Muna.
    28 | D        | Found a corrupted altar of Lugonu.
    28 | D        | Found Parij's Identification Station.
    33 | D        | Noticed a wight
    39 | D        | Found a shadowy altar of Dithmenos.
    42 | D        | Noticed a necrophage
    43 | D        | Found a bloodstained altar of Trog.
    50 | D        | Killed a wight
    50 | D        | Reached XP level 2. HP: 32/32 MP: 1/1
    50 | D        | Reached XP level 3. HP: 39/39 MP: 2/2
    58 | D        | Killed a necrophage
    58 | D        | Reached skill level 7 in Unarmed Combat
    58 | D        | Reached XP level 4. HP: 44/47 MP: 3/3
    83 | D        | Reached * piety under Wu Jian
   101 | D        | Found a shimmering altar of Xom.
   102 | D        | Arena points: 12 (+12) [x2]
   103 | D        | Found Cealeus's Premium Goods.
   114 | D        | Bought a warped animal skin for 185 gold pieces
   125 | D        | Identified the cursed +0 animal skin of Mucitaif {rF+ rC+
                  | Int-2 SInv} (You bought it in a shop in the Dungeon)
   140 | D        | Found Bugauttoutu's Distillery.
   141 | D        | Found Wubutito's Distillery.
   141 | D        | Found Minuar's Bottled Wisdom.
   141 | D        | Found a sacrificial altar of Ru.
   141 | D        | Found a viscous altar of Jiyva.
   141 | D        | Found an iron altar of Okawaru.
   141 | D        | Found Qoutz's Do-It-Yourself Clinic.
   148 | D        | Round 2.
   150 | D        | Found a stormy altar of Qazlal.
   153 | D        | Found a glowing golden altar of the Shining One.
   154 | D        | Found Guikeh's Weapon Rack.
   155 | D        | Found Wyvay's Basic Armour.
   155 | D        | Found Ric Xips's Miscellaneous Merchandise.
   177 | D        | Reached ** piety under Wu Jian
   177 | D        | Reached skill level 5 in Shields
   177 | D        | Reached XP level 5. HP: 46/53 MP: 4/4
   223 | D        | Reached skill level 8 in Unarmed Combat
   270 | D        | Reached *** piety under Wu Jian
   270 | D        | Arena points: 48 (+36) [x3]
   287 | D        | Bought a scorched amethyst amulet for 45 gold pieces
   287 | D        | Bought a crude gossamer ring for 45 gold pieces
   287 | D        | Lost intelligence.
   287 | D        | Identified the amulet "Iriasotoi" {Acrobat Str+2 Int-2
                  | Dex+3} (You bought it in a shop in the Dungeon)
   290 | D        | Identified the ring "Wigiykhi" {Str+5 Dex+6 Slay+3} (You
                  | bought it in a shop in the Dungeon)
   332 | D        | Round 3.
   362 | D        | Reached skill level 9 in Unarmed Combat
   362 | D        | Reached XP level 6. HP: 61/61 MP: 5/5
   375 | D        | Reached **** piety under Wu Jian
   386 | D        | Annihilated by an earth elemental

Skill      XL: |  1  2  3  4  5  6 |
---------------+-------------------+-----
Fighting       | 3 |  3.8
Dodging        | 3 |  3.8
Shields        | 3 5 6 7 |  7.5
Unarmed Combat | 7 9 |  9.9

Action                   |  1- 3 |  4- 6 || total
-------------------------+-------+-------++-------
Melee: Unarmed           |    16 |    29 ||    45
Invok: Whirlwind         |       |     1 ||     1
  Use: Potion            |     1 |       ||     1
Armor: Animal skin       |       |     3 ||     3
       Robe              |       |     1 ||     1
Dodge: Dodged            |     3 |     6 ||     9
Block: Shield            |     5 |     5 ||    10
